 Dungeon Sprint DCSS version 0.16-a0-3943-gb4b81e6 (webtiles) character file.

22722 BluebellGnoll the Sorcerer (level 12, -7/56 HPs)
             Began as a Spriggan Enchanter on Feb 8, 2015.
             Was the Champion of Vehumet.
             Killed from afar by a greater naga (33 damage)
             ... with an orb of energy
             ... in the Dungeon (Sprint IX: "|||||||||||||||||||||||||||||").
             The game lasted 00:36:16 (5159 turns).

BluebellGnoll the Sorcerer (Spriggan Enchanter)     Turns: 5159, Time: 00:36:17

Health: -7/56      AC:  5    Str:  4    XL:     12   Next: 65%
Magic:  17/42      EV: 34    Int: 23    God:    Vehumet [******]
Gold:   163        SH:  0    Dex: 22    Spells: 14 memorised, 8 levels left

rFire  + + .     SeeInvis +     I - +7 morningstar "Dyce" {flame, rPois+ rF+ Dex+4}
rCold  . . .     Clarity  +     y - +2 robe {MR+}
rNeg   . . .     SustAb   .     (shield restricted)
rPois  +         Gourm    .     (helmet restricted)
rElec  .         Spirit   .     x - +0 cloak
rCorr  .         Warding  .     (gloves unavailable)
rMut   .         NoTele   +     (boots unavailable)
MR     +++..                    H - amulet of clarity
Stlth  +++++++++.               i - +3 ring of intelligence
                                G - ring of protection from fire

@: very slightly contaminated, very quick, extremely resistant to hostile
enchantments, incredibly stealthy
A: unfitting armour, see invisible, herbivore 3, speed 3, slow metabolism 2
a: Renounce Religion


You were in the Dungeon.
You worshipped Vehumet.
Vehumet was exalted by your worship.
You were full.

You visited 1 branch You collected 1923 gold pieces.
You spent 1760 gold pieces at shops.

Inventory:

Hand weapons
 o - a +2 rapier of venom
 z - a +2 dagger of distortion
 I - the +7 morningstar "Dyce" (weapon) {flame, rPois+ rF+ Dex+4}
   (You found it in the Dungeon)

   It has been specially enchanted to burn those struck by it, causing extra
   injury to most foes and up to half again as much damage against particularly
   susceptible opponents.
   It affects your dexterity (+4).
   It protects you from fire.
   It protects you from poison.
Missiles
 v - 22 poisoned needles
Armour
 x - a +0 cloak (worn)
 y - a +2 robe of magic resistance (worn)
Magical staves
 n - an uncursed staff of energy
Jewellery
 i - a +3 ring of intelligence (right hand)
 E - an uncursed ring of protection from cold
 F - an uncursed ring of fire
 G - a ring of protection from fire (left hand)
 H - an amulet of clarity (around neck)
Magical devices
 m - a wand of draining (6)
 A - a wand of invisibility (1)
Scrolls
 j - 2 scrolls of blinking
 k - 5 scrolls of remove curse
 l - 2 scrolls of amnesia
 r - a scroll of recharging
 s - 4 scrolls of enchant armour
 t - 2 scrolls of fog
 u - 2 scrolls of fear
Potions
 e - 4 potions of curing
 f - 11 potions of heal wounds
 g - a potion of invisibility
 h - 4 potions of magic
 p - a potion of restore abilities
 q - 2 potions of brilliance
 J - a potion of might
 K - a potion of haste
Books
 c - a book of Maledictions

   Spells                             Type                      Level
   a - Corona                         Hexes                        1
   b - Sure Blade                     Hexes/Charms                 2
   c - Ensorcelled Hibernation        Hexes/Ice                    2
   d - Confuse                        Hexes                        3
   e - Dazzling Spray                 Conjuration/Hexes            3
   f - Enslavement                    Hexes                        4
 B - a book of Hinderance

   Spells                             Type                      Level
   a - Confusing Touch                Hexes                        2
   b - Confuse                        Hexes                        3
   c - Petrify                        Transmutation/Earth          4
   d - Metabolic Englaciation         Hexes/Ice                    5
   e - Summon Mana Viper              Hexes/Summoning              5
   f - Gell's Gravitas                Hexes/Translocation          6
 C - a book of Enchantments

   Spells                             Type                      Level
   a - Tukima's Dance                 Hexes                        3
   b - Cause Fear                     Hexes                        4
   c - Silence                        Hexes/Air                    5
   d - Deflect Missiles               Charms/Air                   6
   e - Haste                          Charms                       6
   f - Discord                        Hexes                        8
 D - a book of the Dragon

   Spells                             Type                      Level
   a - Flight                         Charms/Air                   3
   b - Cause Fear                     Hexes                        4
   c - Bolt of Fire                   Conjuration/Fire             6
   d - Dragon Form                    Transmutation                7
   e - Dragon's Call                  Summoning                    9
Comestibles
 d - 13 bread rations
 w - 31 fruits


   Skills:
 - Level 3.5 Fighting
 - Level 8.5 Short Blades
 - Level 15.0 Dodging
 - Level 18.8 Stealth
 - Level 25.9 Spellcasting
 - Level 5.8 Conjurations
 - Level 11.2 Hexes
 * Level 2.1 Fire Magic
 * Level 2.0 Ice Magic


You had 8 spell levels left.
You knew the following spells:

 Your Spells              Type           Power        Failure   Level  Hunger
a - Corona                Hex            ######.      0%          1    None
b - Ensorcelled Hibernat  Hex/Ice        ######       1%          2    None
c - Confuse               Hex            ######..     1%          3    None
d - Sure Blade            Hex/Chrm       ######....   1%          2    None
e - Dazzling Spray        Conj/Hex       ######..     1%          3    None
f - Enslavement           Hex            ######..     1%          4    None
g - Conjure Flame         Conj/Fire      #####...     1%          3    None
h - Stone Arrow           Conj/Erth      #####.       1%          3    None
i - Iskenderun's Mystic   Conj           ######..     1%          4    None
j - Bolt of Cold          Conj/Ice       #####.....   11%         6    None
k - Lightning Bolt        Conj/Air       #####.....   3%          5    None
l - Poisonous Cloud       Conj/Pois/Air  #####.....   36%         6    None
m - Summon Mana Viper     Hex/Summ       ######..     3%          5    None
n - Orb of Destruction    Conj           ######....   41%         7    ###....


Dungeon Overview and Level Annotations

Branches:
Dungeon (1/1)

Altars:
Cheibriados
Dithmenos
Elyvilon
Fedhas
Gozag
Kikubaaqudgha
Makhleb
Nemelex Xobeh
Okawaru
Qazlal
Ru
Sif Muna
Trog
Vehumet
Xom
Yredelemnul
Zin
The Shining One
Beogh
Jiyva
Lugonu

Shops:
D [((:


Innate Abilities, Weirdness & Mutations

You are tiny and cannot use many weapons and most armour.
You have supernaturally acute eyesight.
You are a herbivore.
You cover ground extremely quickly.
You need consume almost no food.


Message History

Unknown command.
Casting: Lightning Bolt
Confirm with . or Enter, or press ? or * to list all spells.
Aiming: Lightning Bolt
Press: ? - help, Shift-Dir - straight line, f/p - greater naga
Aim: a greater naga, wielding a spear and wearing a robe (moderately wounded, catching its breath)
You hear a mighty clap of thunder!
The bolt of lightning hits the greater naga.
The greater naga is severely wounded.
The bolt of lightning hits the greater naga.
The greater naga is lightly wounded.
The bolt of lightning misses the shock serpent.
The bolt of lightning hits the greater naga.
The greater naga is heavily wounded.
The bolt of lightning hits the salamander mystic.
The salamander mystic is lightly wounded.
The greater naga gestures at you while chanting.
The orb of energy hits you!
Ouch! That really hurt!
You die...

.....'%)().).).)).['...))).)))..'
▓▓▓▓▓▓▓▓▓▓▓▓▓▓▓▓▓▓▓▓▓▓▓▓▓▓▓▓▓▓▓▓▓
......).......((.................
▓▓▓▓▓▓▓▓▓▓▓▓▓▓▓▓▓▓▓▓▓▓▓▓▓▓▓▓▓▓▓▓▓
.'.....))))).)).[[[[[[[[.....()..
▓▓▓▓▓▓▓▓▓▓▓▓▓▓▓▓▓▓▓▓▓▓▓▓▓▓▓▓▓▓▓▓▓
.................................
▓▓▓▓▓▓▓▓▓▓▓▓▓▓▓▓▓▓▓▓▓▓▓▓▓▓▓♣♣♣♣♣♣
.......'...s....@'NNSN..N
▓▓▓▓▓▓▓▓▓▓▓▓▓▓▓▓▓▓▓▓▓▓▓▓▓


You could see 3 greater nagas, a salamander mystic, a shock serpent and a
trapdoor spider (confused).

Vanquished Creatures
  A lich (D)
  An emperor scorpion (D)
  A very ugly thing (D)
  A dire elephant (D)
  A fire dragon (D)
  A hydra (D)
  A centaur warrior (D)
  2 ogre magi (D)
  2 orc high priests (D)
  Urug (D)
  An unseen horror (D)
  2 hill giants (D)
  A wizard (D)
  6 orc knights (D)
  A wolf spider (D)
  2 orc sorcerers (D)
  An ugly thing (D)
  2 black mambas (D)
  8 elephants (D)
  Maurice (D)
  Joseph (D)
  A torpor snail (D)
  Psyche (D)
  A spiny frog (D)
  A demonic crawler (D)
  2 jumping spiders (D)
  A deep elf priest (D)
  A troll (D)
  A blink frog (D)
  A trapdoor spider (D)
  A wraith (D)
  A hippogriff (D)
  A tarantella (D)
  A hungry ghost (D)
  A vampire mosquito (D)
  A naga (D)
  A water moccasin (D)
  8 orc warriors (D)
  4 giant frogs (D)
  2 jellies (D)
  2 orc priests (D)
  An iguana (D)
  A quasit (D)
  6 orc wizards (D)
  2 hounds (D)
  A sheep (D)
  2 worker ants (D)
  A gnoll (D)
  5 adders (D)
  15 orcs (D)
  A hobgoblin (D)
  3 bats (D)
  4 kobolds (D)
  2 quokkas (D)
115 creatures vanquished.

Vanquished Creatures (others)
  2 spatial maelstroms (D)
2 creatures vanquished.

Grand Total: 117 creatures vanquished

Notes
Turn   | Place    | Note
--------------------------------------------------------------
     0 | D        | BluebellGnoll, the Spriggan Enchanter, began the quest for the Orb.
     0 | D        | Reached XP level 1. HP: 9/9 MP: 4/4
     1 | D        | Banished a spatial maelstrom
     2 | D        | Banished a spatial maelstrom
     8 | D        | Reached skill level 5 in Stealth
    13 | D        | Reached skill level 8 in Stealth
    13 | D        | Reached XP level 2. HP: 13/13 MP: 7/7
    52 | D        | Learned a level 2 spell: Ensorcelled Hibernation
    52 | D        | Noticed a jelly
    55 | D        | Reached skill level 9 in Stealth
    57 | D        | Killed a jelly
    57 | D        | Reached skill level 11 in Stealth
    57 | D        | Reached XP level 3. HP: 16/16 MP: 9/9
    65 | D        | Reached skill level 12 in Stealth
    71 | D        | Found a glowing silver altar of Zin.
    71 | D        | Found a glowing golden altar of the Shining One.
    71 | D        | Found an ancient bone altar of Kikubaaqudgha.
    71 | D        | Found a basalt altar of Yredelemnul.
    71 | D        | Found a shimmering altar of Xom.
    71 | D        | Found a radiant altar of Vehumet.
    71 | D        | Found an iron altar of Okawaru.
    72 | D        | Found a burning altar of Makhleb.
    73 | D        | Found a deep blue altar of Sif Muna.
    74 | D        | Found a bloodstained altar of Trog.
    75 | D        | Found a sparkling altar of Nemelex Xobeh.
    76 | D        | Found a white marble altar of Elyvilon.
    77 | D        | Found a roughly hewn altar of Beogh.
    78 | D        | Found a viscous altar of Jiyva.
    79 | D        | Became a worshipper of Vehumet
    80 | D        | Found a corrupted altar of Lugonu.
    81 | D        | Found a blossoming altar of Fedhas.
    82 | D        | Found a snail-covered altar of Cheibriados.
    83 | D        | Found a shadowy altar of Dithmenos.
    84 | D        | Found a stormy altar of Qazlal.
    85 | D        | Found an opulent altar of Gozag.
    86 | D        | Found a sacrificial altar of Ru.
   122 | D        | Learned a level 3 spell: Confuse
   132 | D        | Noticed a hill giant
   132 | D        | Noticed an orc wizard
   132 | D        | Noticed a quasit
   132 | D        | Noticed a giant frog
   136 | D        | Killed an orc wizard
   136 | D        | Reached XP level 4. HP: 21/21 MP: 7/14
   140 | D        | Killed a quasit
   140 | D        | Acquired Vehumet's first power
   140 | D        | Offered knowledge of Freeze by Vehumet.
   140 | D        | Reached skill level 5 in Hexes
   181 | D        | Killed a giant frog
   183 | D        | Killed a hill giant
   183 | D        | Reached XP level 5. HP: 24/24 MP: 3/25
   183 | D        | Reached XP level 6. HP: 28/28 MP: 3/27
   183 | D        | Reached XP level 7. HP: 32/32 MP: 3/29
   187 | D        | Learned a level 2 spell: Sure Blade
   191 | D        | Learned a level 3 spell: Dazzling Spray
   196 | D        | Learned a level 4 spell: Enslavement
   413 | D        | Noticed an orc wizard
   413 | D        | Noticed a worker ant
   413 | D        | Noticed an unseen horror
   413 | D        | Noticed a worker ant
   413 | D        | Noticed a jelly
   413 | D        | Noticed a vampire mosquito
   415 | D        | Killed an orc wizard
   415 | D        | Offered knowledge of Magic Dart by Vehumet.
   417 | D        | Killed a worker ant
   417 | D        | Reached skill level 5 in Dodging
   419 | D        | Killed an unseen horror
   419 | D        | Reached skill level 13 in Dodging
   419 | D        | Reached XP level 8. HP: 36/36 MP: 26/30
   421 | D        | Killed a worker ant
   421 | D        | Acquired Vehumet's second power
   424 | D        | Killed a jelly
   424 | D        | Reached skill level 14 in Dodging
   437 | D        | Killed a vampire mosquito
   437 | D        | Reached skill level 15 in Dodging
   608 | D        | Noticed a hound
   608 | D        | Noticed a giant frog
   608 | D        | Noticed a hound
   608 | D        | Noticed an iguana
   608 | D        | Noticed a blink frog
   608 | D        | Noticed a water moccasin
   609 | D        | Noticed a spiny frog
   610 | D        | Killed a hound
   610 | D        | Offered knowledge of Conjure Flame by Vehumet.
   617 | D        | Learned a level 3 spell: Conjure Flame
   619 | D        | Killed a giant frog
   619 | D        | Offered knowledge of Stone Arrow by Vehumet.
   619 | D        | Acquired Vehumet's third power
   623 | D        | Noticed an elephant
   645 | D        | Killed a blink frog
   652 | D        | Learned a level 3 spell: Stone Arrow
   662 | D        | Killed a hound
   662 | D        | Offered knowledge of Iskenderun's Mystic Blast by Vehumet.
   674 | D        | Learned a level 4 spell: Iskenderun's Mystic Blast
   677 | D        | Killed an iguana
   681 | D        | Killed a water moccasin
   681 | D        | Reached skill level 5 in Short Blades
   683 | D        | Killed a spiny frog
   683 | D        | Reached XP level 9. HP: 28/39 MP: 17/32
   716 | D        | Killed an elephant
   716 | D        | Offered knowledge of Bolt of Cold by Vehumet.
   725 | D        | Learned a level 6 spell: Bolt of Cold
   860 | D        | Noticed a giant frog
   860 | D        | Noticed a black mamba
   860 | D        | Noticed a giant frog
   861 | D        | Noticed a four-headed hydra
   862 | D        | Killed a giant frog
   892 | D        | Killed a giant frog
   895 | D        | Killed a black mamba
   895 | D        | Reached skill level 15 in Spellcasting
  1029 | D        | Killed a four-headed hydra
  1029 | D        | Reached skill level 16 in Spellcasting
  1234 | D        | Noticed an elephant
  1234 | D        | Noticed an elephant
  1234 | D        | Noticed a dire elephant
  1234 | D        | Noticed an elephant
  1234 | D        | Noticed an elephant
  1234 | D        | Noticed an elephant
  1234 | D        | Noticed an elephant
  1235 | D        | Noticed an elephant
  1237 | D        | Killed an elephant
  1256 | D        | Killed an elephant
  1256 | D        | Reached skill level 17 in Spellcasting
  1256 | D        | Reached XP level 10. HP: 21/44 MP: 24/36
  1675 | D        | Killed an elephant
  1675 | D        | Reached skill level 15 in Stealth
  1679 | D        | Killed an elephant
  2072 | D        | Killed an elephant
  2072 | D        | Reached skill level 18 in Spellcasting
  2115 | D        | Killed an elephant
  2119 | D        | Killed a dire elephant
  2119 | D        | Offered knowledge of Poisonous Cloud by Vehumet.
  2208 | D        | Learned a level 6 spell: Poisonous Cloud
  2210 | D        | Killed an elephant
  2275 | D        | Noticed Psyche
  2284 | D        | Killed Psyche
  2322 | D        | Noticed Joseph
  2340 | D        | Killed Joseph
  2370 | D        | Noticed an orc priest
  2370 | D        | Noticed an orc wizard
  2370 | D        | Noticed an orc wizard
  2371 | D        | Noticed an orc priest
  2418 | D        | Noticed an orc knight
  2423 | D        | Killed an orc priest
  2434 | D        | Killed an orc wizard
  2434 | D        | Reached skill level 1 in Fighting
  2454 | D        | Killed an orc wizard
  2475 | D        | Killed an orc knight
  2475 | D        | Offered knowledge of Lightning Bolt by Vehumet.
  2475 | D        | Reached XP level 11. HP: 25/52 MP: 28/38
  2478 | D        | Killed an orc priest
  2568 | D        | Learned a level 5 spell: Lightning Bolt
  2657 | D        | Noticed an orc warrior
  2657 | D        | Noticed an orc wizard
  2657 | D        | Noticed an orc knight
  2657 | D        | Noticed an orc warrior
  2657 | D        | Noticed an orc wizard
  2657 | D        | Noticed an orc warrior
  2657 | D        | Noticed an orc knight
  2680 | D        | Killed an orc warrior
  2684 | D        | Noticed an orc warrior
  2688 | D        | Killed an orc knight
  2688 | D        | Reached skill level 19 in Spellcasting
  2690 | D        | Noticed an orc warrior
  2692 | D        | Killed an orc warrior
  2696 | D        | Killed an orc knight
  2698 | D        | Killed an orc warrior
  2698 | D        | Offered knowledge of Orb of Destruction by Vehumet.
  2719 | D        | Learned a level 7 spell: Orb of Destruction
  2727 | D        | Killed an orc warrior
  2734 | D        | Killed an orc wizard
  2737 | D        | Killed an orc warrior
  2739 | D        | Noticed an orc warrior
  2741 | D        | Killed an orc wizard
  2767 | D        | Killed an orc warrior
  2767 | D        | Reached skill level 20 in Spellcasting
  2794 | D        | Noticed an orc warrior
  2801 | D        | Killed an orc warrior
  2821 | D        | Found Ynuwn's Armour Emporium.
  2821 | D        | Noticed an orc knight
  2821 | D        | Noticed an orc knight
  2821 | D        | Noticed an orc high priest
  2822 | D        | Found Sugoclam's Weapon Shoppe.
  2859 | D        | Killed an orc knight
  2861 | D        | Offered knowledge of Poison Arrow by Vehumet.
  2886 | D        | Killed an orc high priest
  2949 | D        | Killed an orc knight
  3009 | D        | Found Dinocoex's Weapon Emporium.
  3013 | D        | Found Gri Vigh's Book Shoppe.
  3015 | D        | Noticed an orc sorcerer
  3018 | D        | Noticed an orc high priest
  3074 | D        | Killed an orc sorcerer
  3074 | D        | Reached skill level 21 in Spellcasting
  3154 | D        | Noticed an orc sorcerer
  3161 | D        | Killed an orc high priest
  3167 | D        | Noticed an orc knight
  3174 | D        | Killed an orc sorcerer
  3435 | D        | Killed an orc knight
  3435 | D        | Offered knowledge of Ozocubu's Refrigeration by Vehumet.
  3435 | D        | Reached skill level 22 in Spellcasting
  3472 | D        | Bought a book of Hinderance for 220 gold pieces
  3472 | D        | Bought a book of Enchantments for 550 gold pieces
  3472 | D        | Bought a book of the Dragon for 990 gold pieces
  3523 | D        | Noticed Maurice
  3531 | D        | Killed Maurice
  3532 | D        | Noticed Urug
  3554 | D        | Killed Urug
  3596 | D        | Got the +7 morningstar "Dyce" {flame, rPois+ rF+ Dex+4}
  3705 | D        | Noticed a wraith
  3705 | D        | Noticed a troll
  3705 | D        | Noticed a purple ugly thing
  3705 | D        | Noticed a centaur warrior
  3705 | D        | Noticed a hill giant
  3705 | D        | Noticed a hippogriff
  3705 | D        | Noticed a hungry ghost
  3706 | D        | Noticed an orc warrior
  3707 | D        | Killed a wraith
  3708 | D        | Noticed an ogre mage
  3710 | D        | Killed a troll
  3712 | D        | Killed a purple ugly thing
  3712 | D        | Reached skill level 23 in Spellcasting
  3731 | D        | Killed a hill giant
  3740 | D        | Killed a hippogriff
  3746 | D        | Killed a hungry ghost
  3746 | D        | Offered knowledge of Spellforged Servitor by Vehumet.
  3747 | D        | Noticed a fire dragon
  3750 | D        | Noticed a deep elf priest
  3752 | D        | Noticed an ogre mage
  3753 | D        | Killed a centaur warrior
  3755 | D        | Killed an orc warrior
  4110 | D        | Killed an ogre mage
  4110 | D        | Reached skill level 24 in Spellcasting
  4110 | D        | Reached XP level 12. HP: 56/56 MP: 36/41
  4153 | D        | Killed a fire dragon
  4183 | D        | Killed a deep elf priest
  4208 | D        | Killed an ogre mage
  4228 | D        | Noticed a wizard
  4309 | D        | Noticed a brown very ugly thing
  4310 | D        | Noticed a lich
  4390 | D        | Killed a wizard
  4392 | D        | Noticed a tentacled monstrosity
  4418 | D        | Killed a lich
  4418 | D        | Reached skill level 25 in Spellcasting
  4443 | D        | Killed a brown very ugly thing
  4679 | D        | Noticed a jumping spider
  4679 | D        | Noticed a jumping spider
  4679 | D        | Noticed a tarantella
  4679 | D        | Noticed an emperor scorpion
  4679 | D        | Noticed a torpor snail
  4680 | D        | Noticed a wolf spider
  4681 | D        | Killed a jumping spider
  4681 | D        | Reached skill level 1 in Conjurations
  4682 | D        | Noticed a demonic crawler
  4683 | D        | Killed a jumping spider
  4686 | D        | Noticed a trapdoor spider
  4689 | D        | Killed a tarantella
  4720 | D        | Killed a trapdoor spider
  4798 | D        | Killed a torpor snail
  4812 | D        | Killed a wolf spider
  4852 | D        | Killed an emperor scorpion
  4852 | D        | Offered knowledge of Fire Storm by Vehumet.
  4852 | D        | Offered knowledge of Glaciate by Vehumet.
  4852 | D        | Offered knowledge of Chain Lightning by Vehumet.
  4852 | D        | Reached skill level 5 in Conjurations
  4978 | D        | Learned a level 5 spell: Summon Mana Viper
  5019 | D        | Killed a demonic crawler
  5019 | D        | Reached skill level 1 in Fire Magic
  5019 | D        | Reached skill level 1 in Ice Magic
  5152 | D        | Noticed a greater naga
  5152 | D        | Noticed a greater naga
  5152 | D        | Noticed a black mamba
  5152 | D        | Noticed a naga
  5152 | D        | Noticed a shock serpent
  5152 | D        | Noticed a greater naga
  5152 | D        | Noticed a naga
  5152 | D        | Noticed a trapdoor spider
  5156 | D        | Killed a naga
  5157 | D        | Killed a black mamba
  5158 | D        | Noticed a salamander mystic
  5159 | D        | Killed from afar by a greater naga

Action                   |  1- 3 |  4- 6 |  7- 9 | 10-12 || total
-------------------------+-------+-------+-------+-------++-------
Melee: Dagger            |    18 |       |       |       ||    18
       Whip              |     4 |       |       |       ||     4
       Rapier            |       |     6 |    58 |   185 ||   249
       Morningstar       |       |       |       |     3 ||     3
 Cast: Confuse           |     1 |     2 |    14 |    63 ||    80
       Ensorcelled Hiber |       |     3 |    19 |    21 ||    43
       Dazzling Spray    |       |       |    22 |    38 ||    60
       Corona            |       |       |     1 |       ||     1
       Sure Blade        |       |       |       |     4 ||     4
       Stone Arrow       |       |       |       |    14 ||    14
       Lightning Bolt    |       |       |       |     7 ||     7
       Iskenderun's Myst |       |       |       |     4 ||     4
       Conjure Flame     |       |       |       |     1 ||     1
Evoke: Wand              |     1 |       |       |       ||     1
  Use: Potion            |     2 |       |       |     1 ||     3
 Stab: Sleeping          |     3 |       |    18 |    21 ||    42
       Confused          |       |       |     1 |    27 ||    28
       Invisible         |       |       |     3 |    14 ||    17
  Eat: Fruit             |       |       |       |     9 ||     9
